 Dungeon Crawl Stone Soup version 0.29.1-1-gd02db6906a (webtiles) character file.

Game seed: 16519048653360549713

12225 raph the Transmogrifier (level 11, -3/92 HPs)
             Began as a Black Draconian Transmuter on Oct 9, 2022.
             Was a High Priest of Okawaru.
             Slain by a molten gargoyle
             ... wielding a +0 flail
              (7 damage)
             ... on level 2 of the Lair of Beasts.
             The game lasted 00:20:46 (15882 turns).

raph the Transmogrifier (DrTm)                     Turns: 15882, Time: 00:20:47

Health: -3/92      AC: 17    Str: 13    XL:     11   Next: 59%
Magic:  19/21      EV: 17    Int: 16    God:    Okawaru [*****.]
Gold:   448        SH:  5    Dex: 13    Spells: 9/23 levels left

rFire   . . .      SeeInvis +     - Unarmed
rCold   . . .      Faith    .   (no shield)
rNeg    . . .      Spirit   .   (body armour unavailable)
rPois   .          Reflect  +   (helmet currently unavailable)
rElec   +          Harm     .   j - +2 cloak
rCorr   .          Rampage  .   l - +2 pair of gloves
Will    .....                   (boots currently unavailable)
Stlth   ++++......              n - amulet of reflection
HPRegen 0.25/turn               b - ring of see invisible
MPRegen 0.17/turn               v - +4 ring of protection

@: appendages, heroic
A: horns 2, talons 2, breathe lightning, AC +7, unfitting armour, electricity
resistance, cold-blooded
a: Breathe Lightning, End Transformation, Renounce Religion, Heroism, Finesse,
Duel


You were on level 2 of the Lair of Beasts.
You worshipped Okawaru.
Okawaru was extremely pleased with you.
You had temporarily grown beastly horns and talons.
You visited 3 branches of the dungeon, and saw 13 of its levels.

You collected 692 gold pieces.
You spent 244 gold pieces at shops.

Inventory:

Hand Weapons
 f - a +7 quick blade
Missiles
 d - 87 stones
 i - 9 boomerangs (quivered)
 u - 4 throwing nets
 G - 5 curare-tipped darts
Armour
 j - a +2 cloak (worn)
 l - a +2 pair of gloves (worn)
Jewellery
 b - a ring of see invisible (left hand)
 n - an amulet of reflection (around neck)
 v - a +4 ring of protection (right hand)
 y - the amulet "Putokaum" {Faith rC- rN+++ Str+4 SInv}
   (You bought it in a shop on level 8 of the Dungeon)

   [amulet of faith]

   It allows you to gain divine favour quickly.
   Str:       It affects your strength (+4).
   rC:        It makes you vulnerable to cold.
   rN:        It renders you almost immune to negative energy.
   SInv:      It lets you see invisible.
 D - a ring of resist corrosion
 I - a ring of fire
Wands
 o - a wand of polymorph (17)
 p - a wand of charming (8)
 t - a wand of digging (5)
 x - a wand of mindburst (9)
 C - a wand of roots (12)
 E - a wand of flame (19)
Scrolls
 c - 8 scrolls of identify
 h - 6 scrolls of teleportation
 q - a scroll of enchant weapon
 w - 2 scrolls of fear
 H - a scroll of magic mapping
 J - a scroll of enchant armour
Potions
 a - 4 potions of lignification
 e - 5 potions of resistance
 g - 3 potions of brilliance
 k - 4 potions of curing
 m - 3 potions of invisibility
 r - a potion of mutation
 s - 3 potions of haste
 z - a potion of might
 A - 2 potions of magic
 B - a potion of cancellation
Miscellaneous
 F - a condenser vane


   Skills:
 + Level 7.5(12.5) Fighting
 + Level 6.4(11.4) Dodging
 + Level 4.7(9.7) Stealth
 * Level 9.1(14.1) Unarmed Combat
 + Level 6.7 Spellcasting
 + Level 2.5 Necromancy
 + Level 9.7 Transmutations
 - Level 2.1 Poison Magic
 + Level 2.6 Invocations


You had 9 spell levels left.
You knew the following spells:

 Your Spells              Type           Power      Damage    Failure   Level
a - Beastly Appendage     Tmut           72%        N/A       1%          1
b - Wereblood             Tmut           36%        N/A       1%          2
c - Spider Form           Tmut/Pois      24%        N/A       3%          3
d - Ice Form              Ice/Tmut       21%        N/A       17%         4
e - Summon Small Mammal   Summ           20%        N/A       13%         1
f - Vampiric Draining     Necr           13%        2d6       14%         3

Your spell library contained the following spells:

 Spells                   Type           Power      Damage    Failure   Level
 Necrotise                Necr           52%        1d6       4%          1
 Apportation              Tloc           10%        N/A       13%         1
 Alistair's Intoxication  Tmut/Pois      16%        N/A       30%         5
 Agony                    Necr           13%        N/A       77%         5
 Eringya's Noxious Bog    Tmut/Pois      12%        N/A       86%         6
 Borgnjor's Vile Clutch   Necr/Erth      4%         N/A       91%         5


Dungeon Overview and Level Annotations

Branches:
Dungeon (10/15)            Temple (1/1) D:7            Lair (2/5) D:8
  Swamp: Lair:2-3    Shoals: Lair:2-3     Snake: Lair:2-3    Spider: Lair:2-3
    Orc: D:9-12

Altars:
Ashenzari
Cheibriados
Dithmenos
Elyvilon
Fedhas
Gozag
Hepliaklqana
Kikubaaqudgha
Makhleb
Nemelex Xobeh
Okawaru
Qazlal
Ru
Sif Muna
Trog
Uskayaw
Vehumet
Wu Jian
Xom
Yredelemnul
Zin
The Shining One

Shops:
D:8 *

Annotations:
D:4 2 runed translucent doors, diceflayer's ghost, amateur DsFi


Innate Abilities, Weirdness & Mutations

You have temporarily grown beastly horns and talons.
You can breathe wild blasts of lightning.
Your glossy black scales are hard. (AC +7)
You cannot fit into any form of body armour.
You are resistant to electric shocks. (rElec)
You are cold-blooded and may be slowed by cold attacks.


Message History

You are engulfed in flames!
You punch the molten gargoyle!
You claw the molten gargoyle, but do no damage.
You headbutt the molten gargoyle, but do no damage.
The molten gargoyle is heavily damaged.
The molten gargoyle blasts magma at you!
The bolt of magma misses you.
The bolt of magma hits the fungus!!
The fungus begins to die.
You barely miss the molten gargoyle.
You claw the molten gargoyle, but do no damage.
The molten gargoyle is heavily damaged.
The molten gargoyle hits you with a +0 flail!
You are engulfed in flames!
You hit the molten gargoyle but do no damage.
You claw the molten gargoyle, but do no damage.
You tail-slap the molten gargoyle, but do no damage.
The molten gargoyle is moderately damaged.
The molten gargoyle hits you with a +0 flail.
You are engulfed in flames!
You are too injured to fight recklessly!
You are too injured to fight recklessly!
You are too injured to fight recklessly!
You are too injured to fight recklessly!
You are too injured to fight recklessly!
You are too injured to fight recklessly!
You barely miss the molten gargoyle.
You claw the molten gargoyle, but do no damage.
The molten gargoyle is moderately damaged.
You hit the molten gargoyle.
You claw the molten gargoyle, but do no damage.
The molten gargoyle is heavily damaged.
The molten gargoyle blasts magma at you!
The bolt of magma hits you!
* * * LOW HITPOINT WARNING * * *
The bolt of magma hits the fungus!!
You gain the combat prowess of a mighty hero.
The molten gargoyle hits you with a +0 flail!
* * * LOW HITPOINT WARNING * * *
You are engulfed in flames!
You die...

...P#P. . ......
....≈.. #. .#....P
...###.#.##..#.....
...#.#.......P......
........##............
.#.....................
#..≈≈≈.....P.........P.
...≈§≈..........>......
##.≈≈≈..9@.P...........
#.≈≈≈§P##.............
...≈≈≈..####.#.........
...≈≈≈.#####...........
...≈≈§.......#.<.......
.#.....#.....P.........
#..............###.#..
.............~≈≈.#.
......#.#...#.~~##.


You could see a molten gargoyle.

Vanquished Creatures
  Harold (D:9)
  2 hydras (Lair:1)
  2 two-headed ogres (D:10)
  6 elephants
  A black mamba (Lair:1)
  Maggie (D:6)
  2 cane toads
  An unseen horror (D:10)
  A rime drake (Lair:1)
  A komodo dragon (Lair:1)
  A troll (D:9)
  A hornet (D:9)
  3 wyverns
  3 yaks (D:9)
  A basilisk (D:8)
  Menkaure (D:6)
  5 water moccasins
  An orc warrior (D:7)
  2 sky beasts
  3 black bears
  4 ogres
  3 phantoms
  A kobold brigand (D:9)
  7 bullfrogs
  A gnoll sergeant (D:6)
  2 scorpions
  11 killer bees
  2 howler monkeys
  A crimson imp (D:5)
  A gnoll bouda (D:7)
  2 orc priests
  3 hounds
  3 iguanas
  4 orc wizards
  Robin (D:3)
  16 gnolls
  5 adders
  A shadow imp (D:6)
  2 white imps
  An ufetubus (D:6)
  A worm (D:2)
  5 dart slugs
  25 orcs
  4 ball pythons
  2 bats (D:3)
  5 endoplasms
  3 giant cockroaches
  13 hobgoblins
  3 jackals (D:1)
  3 quokkas
  3 frilled lizards
  14 goblins
  10 kobolds
  7 rats
208 creatures vanquished.

Vanquished Creatures (others)
  2 fungi (Lair:1)
  2 plants (Lair:1)
4 creatures vanquished.

Grand Total: 212 creatures vanquished

Notes
Turn   | Place    | Note
-------+----------+-------------------------------------------
     0 | D:1      | raph the Draconian Transmuter began the quest for the Orb.
     0 | D:1      | Reached XP level 1. HP: 16/16 MP: 3/3
   333 | D:1      | Reached XP level 2. HP: 6/23 MP: 3/5
   629 | D:1      | Learned a level 2 spell: Wereblood
   992 | D:1      | Found a faded altar of an unknown god.
  1144 | D:1      | Reached XP level 3. HP: 29/29 MP: 4/6
  1174 | D:1      | Learned a level 3 spell: Spider Form
  2508 | D:3      | Reached XP level 4. HP: 36/36 MP: 5/7
  2665 | D:3      | Found a snail-covered altar of Cheibriados.
  2665 | D:3      | Found a glowing silver altar of Zin.
  2673 | D:3      | Found an ancient bone altar of Kikubaaqudgha.
  2675 | D:3      | Found a faded altar of an unknown god.
  2676 | D:3      | Found a sparkling altar of Nemelex Xobeh.
  2915 | D:3      | Noticed Robin
  3105 | D:3      | Killed Robin
  3493 | D:4      | Reached XP level 5. HP: 26/42 MP: 6/9
  3673 | D:4      | Found a runed translucent door.
  3684 | D:4      | Reached skill level 1 in Poison Magic
  3696 | D:4      | Noticed an ogre
  3710 | D:4      | Killed an ogre
  3908 | D:4      | Found a glowing golden altar of the Shining One.
  4008 | D:4      | Found a runed translucent door.
  4010 | D:4      | Noticed diceflayer's ghost (amateur DsFi)
  4308 | D:5      | Entered Level 5 of the Dungeon
  4488 | D:5      | Found an opulent altar of Gozag.
  4503 | D:5      | Reached XP level 6. HP: 50/50 MP: 8/10
  4810 | D:5      | Found a blossoming altar of Fedhas.
  4821 | D:5      | Found a shimmering altar of Xom.
  5155 | D:5      | Your scales start taking on a glossy black colour.
  5155 | D:5      | Reached XP level 7. HP: 40/57 MP: 11/11
  5155 | D:5      | Gained mutation: You are resistant to electric shocks.
                  | (rElec) [Black Draconian growth]
  5285 | D:5      | Learned a level 4 spell: Ice Form
  5287 | D:5      | Learned a level 1 spell: Summon Small Mammal
  5926 | D:6      | Found a sacrificial altar of Ru.
  6018 | D:6      | Reached skill level 5 in Transmutations
  6330 | D:6      | Noticed Maggie
  6360 | D:6      | Killed Maggie
  6361 | D:6      | Reached XP level 8. HP: 32/66 MP: 11/14
  6371 | D:6      | Noticed Menkaure
  6614 | D:6      | Killed Menkaure
  7151 | D:6      | Reached skill level 5 in Unarmed Combat
  7787 | D:6      | Reached skill level 5 in Fighting
  7976 | D:7      | Found a staircase to the Ecumenical Temple.
  7989 | Temple   | Entered the Ecumenical Temple
  8231 | Temple   | Became a worshipper of Warmaster Okawaru
  8493 | D:7      | Reached XP level 9. HP: 74/74 MP: 16/16
  9361 | D:7      | Reached skill level 5 in Spellcasting
  9860 | D:8      | Reached * piety under Okawaru
  9879 | D:8      | Found Asagouwk's Assorted Antiques.
  9887 | D:8      | Bought a translucent lead amulet for 155 gold pieces
  9887 | D:8      | Identified the amulet "Putokaum" {Faith rC- rN+++ Str+4
                  | SInv} (You bought it in a shop on level 8 of the Dungeon)
  9887 | D:8      | Bought a scroll of identify for 62 gold pieces
  9887 | D:8      | Bought a fizzy clear potion for 27 gold pieces
  9920 | D:8      | Found a shimmering blue altar of Sif Muna.
  9966 | D:8      | Noticed an elephant
  9967 | D:8      | Found a staircase to the Lair.
 10002 | D:8      | Reached skill level 1 in Stealth
 10041 | D:8      | Killed an elephant
 10051 | D:7      | Reached ** piety under Okawaru
 10052 | D:7      | Reached skill level 5 in Dodging
 10671 | D:8      | Found an ornate altar of the Wu Jian Council.
 11061 | D:9      | Reached XP level 10. HP: 83/83 MP: 13/18
 11472 | D:9      | Reached *** piety under Okawaru
 11954 | D:9      | Noticed Harold
 11980 | D:9      | Killed Harold
 12380 | D:10     | Entered Level 10 of the Dungeon
 12466 | D:10     | Noticed a two-headed ogre
 12507 | D:10     | Killed a two-headed ogre
 12507 | D:10     | Reached **** piety under Okawaru
 12998 | D:10     | Noticed a two-headed ogre
 13003 | D:10     | Killed a two-headed ogre
 13372 | D:10     | Found a hide-covered altar of Uskayaw.
 13604 | D:10     | Learned a level 3 spell: Vampiric Draining
 13680 | Lair:1   | Entered Level 1 of the Lair of Beasts
 13697 | Lair:1   | Noticed a cane toad
 13713 | D:8      | Killed a cane toad
 13713 | D:8      | Reached ***** piety under Okawaru
 13829 | Lair:1   | Reached XP level 11. HP: 91/91 MP: 15/20
 13998 | Lair:1   | Reached skill level 1 in Invocations
 13999 | Lair:1   | Noticed a six-headed hydra
 14009 | Lair:1   | HP: 5/110 [six-headed hydra (12)]
 14018 | Lair:1   | Killed a six-headed hydra
 14019 | Lair:1   | Reached skill level 1 in Necromancy
 14582 | Lair:1   | Received a gift from Okawaru
 15083 | Lair:1   | Identified the +3 chain mail "Xata" {Rampage rC- Dex+4
                  | SInv}
 15163 | Lair:1   | Noticed a four-headed hydra
 15177 | Lair:1   | Killed a four-headed hydra
 15882 | Lair:2   | HP: 4/92 [molten gargoyle/+0 flail (17)]
 15882 | Lair:2   | Slain by a molten gargoyle

Illustrated notes

Levels and vault maps discovered:
D:1:      heliophobic_arrival_henge, layout_rooms,
          shapermc_ecumenical_altar_venn, minmay_misc_feat_doors,
          chequers_serial_rivers_micro_d
D:2:      layout_rooms, amethyst_killhole, chequers_arboretum,
          kennysheep_generic_room_13
D:3:      layout_basic, chequers_temple_overflow_minitemple, uniq_robin
D:4:      layout_rooms, kennysheep_mini, ebering_ghost_sewer_f
D:5:      layout_cave_pools, mainiacjoe_overflow_catwalk_spiral,
          mainiacjoe_overflow_cross_hatched, minmay_fire_ice_demons
D:6:      layout_rooms, nicolae_ru_awakened_eye, serial_corexii_hall,
          corexii_hall_statues_x, chequers_hall_statues_y,
          corexii_hall_statues_l, chequers_hall_statues_wall_a,
          corexii_hall_statues_u, chequers_hall_statues_y, uniq_maggie,
          uniq_menkaure
D:7:      layout_gridville, minmay_temple_entry_stoned_glass,
          chequers_serial_rivers_small_b
D:8:      layout_cave_pools, pdpol_wu_jian_five_deadly_venoms,
          kennysheep_mini_moat, david_lair_generic, serial_shops,
          nicolae_shop_stone, enter_bailey_2, kennysheep_generic_room_10
D:9:      layout_cave_pods, uniq_harold
D:10:     layout_basic, lemuel_crystal_altar, hangedman_decor_push
Temple:   jpeg_temple_alley_garden
Lair:1:   layout_hall_layers, beast_lair_carwin_10
Lair:2:   layout_gridlike, palyth_hydra_swamp_entry,
          nicolae_spider_entry_orb_guardian,
          hellmonk_guarded_unrand_seven_league_boots

Skill      XL: |  1  2  3  4  5  6  7  8  9 10 11 |
---------------+----------------------------------+-----
Dodging        | 2 3 4 5 6 |  6.4
Fighting       | 2 3 4 5 6 7 |  7.5
Transmutations | 3 4 5 7 8 9 |  9.7
Poison Magic   | 1 2 |  2.1
Spellcasting   | 3 4 5 6 |  6.7
Unarmed Combat | 4 5 6 8 9 |  9.1
Stealth        | 2 4 |  4.7
Invocations    | 2 |  2.6
Necromancy     | 2 |  2.5

Action                   |  1- 3 |  4- 6 |  7- 9 | 10-12 || total
-------------------------+-------+-------+-------+-------++-------
Melee: Unarmed           |   109 |   149 |   325 |   209 ||   792
       Kick              |    25 |    34 |    68 |    56 ||   183
       Tailslap          |    11 |    18 |    41 |    31 ||   101
       Headbutt          |     8 |    21 |    42 |    29 ||   100
       Punch             |     1 |     3 |     8 |    16 ||    28
 Cast: Beastly Appendage |    23 |    16 |    31 |    11 ||    81
       Wereblood         |     1 |     4 |     4 |     5 ||    14
       Spider Form       |       |     4 |     6 |     1 ||    11
       Ice Form          |       |       |     4 |     8 ||    12
Invok: Heroism           |       |       |     1 |     6 ||     7
 Abil: Breathe Lightning |       |       |     3 |     7 ||    10
       End Transformatio |       |       |     1 |       ||     1
  Use: Scroll            |    10 |     5 |    10 |       ||    25
       Potion            |       |       |     5 |     1 ||     6
 Stab: Sleeping          |     1 |       |       |       ||     1
       Invisible         |       |       |     3 |       ||     3
       Held in net/web   |       |       |       |     1 ||     1
Armor: Skin              |    35 |    46 |   112 |    94 ||   287
Dodge: Dodged            |    62 |    78 |   236 |   156 ||   532
Block: Other             |     1 |    40 |    75 |    48 ||   164
       Reflection        |       |     1 |       |     1 ||     2
